AoeStats
← 0,000% time luck

Arena

505662969Analyzed
2v2 RM · 23d ago on Sep 10, 2026· 43m 5s· 4 players
Game mode
Random Map
Map size
Medium (4 player)
Population
200
Speed
Normal
Resources
Standard
Victory
Conquest
Starting age
Dark Age
Ending age
Imperial Age
RankedLock teamsTeams togetherTeam positionsShared explorationLock speedFull tech treeHidden civsTurbo modeCheats
Victory
Defeat
🇨🇴 Burgundians · Colombia
714
+15
🇪🇸 Franks · Spain
672
+17
🇪🇸 Sicilians · Spain
689
-16
🇩🇪 Ethiopians · Germany
683
-16
0,000% time luck
1:31 Loom
12:08 Feudal Age
13:43 Wheelbarrow
14:06 Gold Mining
21:55 Castle Age
25:22 Hand Cart
25:24 Double-Bit Axe
32:06 Stone Mining
37:27 Imperial Age
35:19 Bow Saw
37:44 Gold Shaft Mining
37:45 Stone Shaft Mining
36:58 Horse Collar
38:37 Conscription
38:06 Cavalier
38:46 Husbandry
38:37 Heavy Camel Rider
38:49 Light Cavalry
andreipg2017
10:15 Feudal Age
10:58 Double-Bit Axe
19:41 Padded Archer Armor
19:34 Fletching
22:31 Castle Age
21:51 Forging
22:19 Scale Mail Armor
28:21 Padded Archer Armor
28:16 Bodkin Arrow
31:35 Iron Casting
31:15 Chain Mail Armor
33:10 Horse Collar
40:22 Imperial Age
rubiojatt
11:25 Feudal Age
11:35 Feudal Age
12:23 Double-Bit Axe
18:28 Castle Age
17:05 Gold Mining
17:08 Stone Mining
19:56 Bow Saw
20:02 Scale Barding Armor
21:42 Chain Barding Armor
21:37 Forging
23:08 Wheelbarrow
24:15 Hand Cart
29:38 Imperial Age
30:27 Iron Casting
30:05 Cavalier
30:46 Husbandry
32:41 Plate Barding Armor
33:07 Blast Furnace
32:11 Loom
32:13 Town Watch
33:11 Paladin
41:59 Caravan
42:37 Elite Throwing Axeman
CaminanteH
2:15 Loom
10:17 Feudal Age
8:40 Double-Bit Axe
8:36 Horse Collar
11:47 Heavy Plow
12:17 Bow Saw
14:15 Gold Mining
17:21 Wheelbarrow
21:07 Castle Age
25:02 Fletching
26:51 Bodkin Arrow
28:46 Gold Shaft Mining
28:02 Stone Mining
31:51 Scale Barding Armor
42:15 Imperial Age
40:01 Hand Cart
39:32 Town Watch
41:41 Chain Barding Armor
41:21 Scale Mail Armor
41:32 Forging
42:26 Capped Ram
Connection lost

Rejoining the realm…

Still unreachable

The connection could not be restored.

Session expired

The server has moved on; the page needs a fresh start.